Workbook
Name Excel_BuiltIn__FilterDatabase: '収支明細(入力)'!$A$1:$G$34

Sheet 収支明細(入力)
A1: 収支明細 (2013.4.1～) | G1: 網掛け（*）・・・銀行口座への振込・引き落とし
A2: 領収書月日 | B2: 収支 | C2: 科目 | D2: 補助 | E2: 摘要 | F2: 収入 | G2: 支出
A3: 41754 | B3: 支出 | C3: 05.活動費③募金支出 | D3: ①緑の募金 | E3: ①緑の募金 | G3: 1000
A4: 41782 | B4: 支出 | C4: 05.活動費③募金支出 | D4: ②赤十字社活動募金 | E4: ②赤十字社活動募金 | G4: 2000
A5: 41770 | B5: 支出 | C5: 09.渉外費 | D5: ①宇喜田・小島地区自治連懇親会（5/11） | E5: ①宇喜田・小島地区自治連懇親会（6*3000） | G5: 18000
A6: 41750 | B6: 支出 | C6: 09.渉外費 | D6: ②わんわんウォーキング分担金（5/17） | E6: ②わんわんウォーキング分担金（5/17） | G6: 5000
A7: 41759 | B7: 収入 | C7: 04.その他収入①アルミ缶回収費 | D7: 平成26年04月 110kg×@50 | E7: 平成26年04月 110kg×@50 | F7: 5500
A8: 41784 | B8: 支出 | C8: 05.活動費①行事支出 | D8: その他 | E8: 語り合う会 | G8: 1048
A9: 41784 | B9: 支出 | C9: 09.渉外費 | D9: ③自治会会議費懇親会費(5/25) | E9: ③自治会会議費懇親会費(5/25) | G9: 26836
A10: 41787 | B10: 収入 | C10: 04.その他収入①アルミ缶回収費 | D10: 平成26年05月 110kg×@50 | E10: 平成26年05月 110kg×@50 | F10: 5500
A11: 41805 | B11: 支出 | C11: 05.活動費①行事支出 | D11: ①七夕(7/7) | E11: 七夕飾り（かざり） | G11: 1481
A12: 41811 | B12: 支出 | C12: 05.活動費①行事支出 | D12: ①七夕(7/7) | E12: 七夕飾り（かざり） | G12: 921
A13: 41816 | B13: 支出 | C13: 05.活動費①行事支出 | D13: ①七夕(7/7) | E13: 七夕飾り（かざり） | G13: 392
A14: 41818 | B14: 支出 | C14: 08.消耗品費 | D14: 消耗品 | E14: ホワイトボードマーカー | G14: 216
A15: 41806 | B15: 支出 | C15: 05.活動費①行事支出 | D15: ①七夕(7/7) | E15: 七夕飾り（かざり） | G15: 2828
A16: 41829 | B16: 支出 | C16: 05.活動費③募金支出 | D16: ③青い羽根募金 | E16: ③青い羽根募金 | G16: 1000
A17: 41829 | B17: 支出 | C17: 05.活動費①行事支出 | D17: ②夏まつり(7/13) | E17: ＬＰガス（２ｋｇ） | G17: 864
A18: 41826 | B18: 支出 | C18: 05.活動費①行事支出 | D18: ②夏まつり(7/13) | E18: 日本酒 | G18: 1922
A19: 41813 | B19: 支出 | C19: 02.自治連年会費 | D19: 宇喜田小島地区自治連協議会分担金 | E19: 宇喜田小島地区自治連協議会分担金 | G19: 23000
A20: 41823 | B20: 支出 | C20: 05.活動費①行事支出 | D20: ②夏まつり(7/13) | E20: ビンゴ景品 | G20: 10710
A21: 41830 | B21: 支出 | C21: 05.活動費①行事支出 | D21: ②夏まつり(7/13) | E21: スーパーボール、飲み物等 | G21: 6340
A22: 41828 | B22: 支出 | C22: 05.活動費①行事支出 | D22: ②夏まつり(7/13) | E22: 交通費（加藤） | G22: 165
... A27: 41828 | B27: 支出 | C27: 05.活動費①行事支出 | D27: ②夏まつり(7/13) | E27: 交通費（塩瀬） | G27: 165
A28: 41833 | B28: 収入 | C28: 03.行事収入 | D28: ①夏まつり(7/13) | E28: 総売上（参加費＋売上） | F28: 42500
A29: 41832 | B29: 支出 | C29: 05.活動費①行事支出 | D29: ②夏まつり(7/13) | E29: ビンゴカード | G29: 216
A30: 41815 | B30: 収入 | C30: 04.その他収入①アルミ缶回収費 | D30: 平成26年06月 90kg×@50 | E30: 平成26年06月 90kg×@50 | F30: 4500
A31: 41812 | B31: 支出 | C31: 05.活動費①行事支出 | D31: ①七夕(7/7) | E31: 竹代 | G31: 10000
A32: 41833 | B32: 支出 | C32: 05.活動費①行事支出 | D32: ②夏まつり(7/13) | E32: コーヒー代、スイカ×４個 | G32: 14144
A33: 41833 | B33: 支出 | C33: 05.活動費①行事支出 | D33: ②夏まつり(7/13) | E33: ラミネート、アイス代 | G33: 2338
A34: 41833 | B34: 支出 | C34: 05.活動費①行事支出 | D34: ②夏まつり(7/13) | E34: ビール代 | G34: 45470
A35: 41864 | B35: 支出 | C35: 09.渉外費 | D35: ④弔慰金（204近松様ご主人/8月9日逝去） | E35: ④弔慰金（204近松様ご主人/8月9日逝去） | G35: 10000
A36: 41850 | B36: 収入 | C36: 04.その他収入①アルミ缶回収費 | D36: 平成26年07月 150kg×@50 | E36: 平成26年07月 150kg×@50 | F36: 7500
A37: 41862 | B37: 支出 | C37: 05.活動費①行事支出 | D37: ③運動会(9/28) | E37: 運動会自治会分担金 | G37: 7800
A38: 41877 | B38: 支出 | C38: 07.備品費 | D38: 備品 | E38: ペットボトル集団回収用ゴミ袋 | G38: 2980
A39: 41879 | B39: 収入 | C39: 04.その他収入①アルミ缶回収費 | D39: 平成26年08月 150kg×@50 | E39: 平成26年08月 150kg×@50 | F39: 7500
A40: 41902 | B40: 支出 | C40: 09.渉外費 | D40: ⑤弔慰金（420早福様丸山幸江様/9月16日逝去） | E40: ⑤弔慰金（420早福様丸山幸江様/9月16日逝去） | G40: 10000
A41: 41904 | B41: 支出 | C41: 05.活動費①行事支出 | D41: ③運動会(9/28) | E41: 飲み物・ビール | G41: 9059
A42: 41904 | B42: 支出 | C42: 05.活動費①行事支出 | D42: ④いも煮会(10/13) | E42: 飲み物・ビール | G42: 9000
A43: 41905 | B43: 支出 | C43: 05.活動費①行事支出 | D43: ③運動会(9/28) | E43: わかめスープ、麦茶 | G43: 3038
A44: 41909 | B44: 支出 | C44: 05.活動費①行事支出 | D44: ③運動会(9/28) | E44: バナナ、梅干し | G44: 2214
A45: 41910 | B45: 支出 | C45: 05.活動費①行事支出 | D45: ③運動会(9/28) | E45: お弁当（大人40、子供19） | G45: 37980
A46: 41910 | B46: 支出 | C46: 05.活動費①行事支出 | D46: ③運動会(9/28) | E46: お茶、お菓子 | G46: 1292
A47: 41910 | B47: 支出 | C47: 05.活動費①行事支出 | D47: ③運動会(9/28) | E47: 氷 | G47: 324
A48: 41910 | B48: 支出 | C48: 05.活動費①行事支出 | D48: ③運動会(9/28) | E48: レンタカー | G48: 13068
A49: 41910 | B49: 支出 | C49: 05.活動費①行事支出 | D49: ③運動会(9/28) | E49: おにぎり、サンドイッチ | G49: 3598
A50: 41904 | B50: 支出 | C50: 05.活動費①行事支出 | D50: ③運動会(9/28) | E50: お茶、菓子 | G50: 11056
A51: 41916 | B51: 支出 | C51: 05.活動費①行事支出 | D51: ④いも煮会(10/13) | E51: 飲物・ビール | G51: 13874
... A53: 41922 | B53: 支出 | C53: 05.活動費①行事支出 | D53: ④いも煮会(10/13) | E53: 砥石 | G53: 4265
A54: 41923 | B54: 収入 | C54: 04.その他収入①アルミ缶回収費 | D54: 平成26年09月 170kg×@50 | E54: 平成26年09月 170kg×@50 | F54: 8500
A55: 41923 | B55: 支出 | C55: 05.活動費①行事支出 | D55: ④いも煮会(10/13) | E55: 飲物 | G55: 4564
A56: 41923 | B56: 支出 | C56: 05.活動費①行事支出 | D56: ④いも煮会(10/13) | E56: 酒 | G56: 3845
A57: 41923 | B57: 支出 | C57: 05.活動費①行事支出 | D57: ④いも煮会(10/13) | E57: 里芋 | G57: 45632
A58: 41923 | B58: 支出 | C58: 05.活動費①行事支出 | D58: ④いも煮会(10/13) | E58: 景品クオカード | G58: 4950
A59: 41924 | B59: 支出 | C59: 05.活動費①行事支出 | D59: ④いも煮会(10/13) | E59: 食べ物 | G59: 443
A60: 41924 | B60: 支出 | C60: 05.活動費①行事支出 | D60: ④いも煮会(10/13) | E60: 食べ物 | G60: 1233
A61: 41925 | B61: 支出 | C61: 05.活動費①行事支出 | D61: ④いも煮会(10/13) | E61: コーヒー | G61: 611
A62: 41925 | B62: 収入 | C62: 03.行事収入 | D62: ②いも煮会（10/13） | E62: 会費 | F62: 17900
A63: 41925 | B63: 支出 | C63: 05.活動費①行事支出 | D63: ④いも煮会(10/13) | E63: 交通費（小野） | G63: 170
A64: 41925 | B64: 支出 | C64: 05.活動費①行事支出 | D64: ④いも煮会(10/13) | E64: 交通費（塩瀬） | G64: 170
A65: 41925 | B65: 支出 | C65: 05.活動費①行事支出 | D65: ④いも煮会(10/13) | E65: 交通費（加藤） | G65: 170
A66: 41942 | B66: 収入 | C66: 04.その他収入①アルミ缶回収費 | D66: 平成26年10月 200kg×@50 | E66: 平成26年10月 200kg×@50 | F66: 10000
A67: 41948 | B67: 支出 | C67: 09.渉外費 | D67: ⑥区長さんと葛西地区女性団体のつどい | E67: ⑥区長さんと葛西地区女性団体のつどい | G67: 6000
A68: 41955 | B68: 支出 | C68: 09.渉外費 | D68: ⑦弔慰金（304畔高様ご主人/11月10日逝去） | E68: ⑦弔慰金（304畔高様ご主人/11月10日逝去） | G68: 10000
A69: 41965 | B69: 支出 | C69: 05.活動費①行事支出 | D69: ⑤クリスマス飾り | E69: 電飾 | G69: 28252
A70: 41970 | B70: 収入 | C70: 04.その他収入①アルミ缶回収費 | D70: 平成26年11月 140kg×@50 | E70: 平成26年11月 140kg×@50 | F70: 7000
A71: 41980 | B71: 支出 | C71: 05.活動費①行事支出 | D71: ⑤クリスマス飾り | E71: 収納ボックス | G71: 9063
A72: 41993 | B72: 支出 | C72: 05.活動費③募金支出 | D72: ④歳末たすけあい募金 | E72: ④歳末たすけあい募金 | G72: 3000
A73: 42002 | B73: 支出 | C73: 05.活動費①行事支出 | D73: ⑤クリスマス飾り | E73: 収納ボックス | G73: 4840
A74: 42000 | B74: 支出 | C74: 05.活動費①行事支出 | D74: ⑥正月飾り | E74: 非毛氈/鏡もち | G74: 12040
A75: 42000 | B75: 支出 | C75: 05.活動費①行事支出 | D75: ⑥正月飾り | E75: 門松代 | G75: 30000
A76: 42000 | B76: 支出 | C76: 05.活動費①行事支出 | D76: ⑦新年顔合わせ会(1/11) | E76: 日本酒 | G76: 4887
A77: 42000 | B77: 支出 | C77: 09.渉外費 | D77: ⑧自治会会議費懇親会費(12/28) | E77: 自治会忘年会 13名 | G77: 38688
A78: 42000 | B78: 支出 | C78: 05.活動費①行事支出 | D78: ⑥正月飾り | E78: ノヴェル（花） | G78: 714
A79: 42011 | B79: 支出 | C79: 09.渉外費 | D79: ⑨葛西地区新年顔合わせ会(1/6) | E79: 葛西地区新年顔合わせ会 | G79: 35000
A80: 42000 | B80: 収入 | C80: 04.その他収入①アルミ缶回収費 | D80: 平成26年12月 130kg×@50 | E80: 平成26年12月 130kg×@50 | F80: 6500
A81: 42000 | B81: 支出 | C81: 05.活動費①行事支出 | D81: ⑦新年顔合わせ会(1/11) | E81: ビール、おにぎり | G81: 17039
A82: 42000 | B82: 支出 | C82: 05.活動費①行事支出 | D82: ⑦新年顔合わせ会(1/11) | E82: ハイボール | G82: 4394
A83: 42000 | B83: 支出 | C83: 05.活動費①行事支出 | D83: ⑦新年顔合わせ会(1/11) | E83: 酒カン | G83: 1392
A84: 42000 | B84: 支出 | C84: 05.活動費①行事支出 | D84: ⑦新年顔合わせ会(1/11) | E84: 食材他 | G84: 23597
A85: 42000 | B85: 支出 | C85: 05.活動費①行事支出 | D85: ⑥正月飾り | E85: 収納ボックス | G85: 2280
A86: 42000 | B86: 支出 | C86: 08.消耗品費 | D86: 消耗品 | E86: 電池、ノート、のり | G86: 648
A87: 42000 | B87: 支出 | C87: 05.活動費①行事支出 | D87: ⑦新年顔合わせ会(1/11) | E87: オードブル | G87: 15000
A88: 42021 | B88: 支出 | C88: 08.消耗品費 | D88: 消耗品 | E88: カセットボンベ | G88: 1485
A89: 42032 | B89: 収入 | C89: 04.その他収入①アルミ缶回収費 | D89: 平成27年1月 120kg×@50 | E89: 平成27年1月 120kg×@50 | F89: 6000
A90: 42043 | B90: 支出 | C90: 05.活動費①行事支出 | D90: ⑧もちつき(2/8) | E90: 業者代金 | G90: 90000
A91: 42060 | B91: 支出 | C91: 05.活動費④その他 | D91: 切手代・印刷代 | E91: 切手代・印刷代（荻原） | G91: 2880
A92: 42040 | B92: 支出 | C92: 08.消耗品費 | D92: 消耗品 | E92: ボールペン | G92: 432
A93: 42070 | B93: 支出 | C93: 07.備品費 | D93: 備品 | E93: チェスト、ブルーシート | G93: 16872
A94: 42075 | B94: 収入 | C94: 04.その他収入②その他 | D94: ノートＰＣ分担金 | E94: ノートＰＣ分担金 | F94: 37692
A95: 42060 | B95: 収入 | C95: 04.その他収入①アルミ缶回収費 | D95: 平成27年2月 100kg×@50 | E95: 平成27年2月 100kg×@50 | F95: 5000
A96: 42092 | B96: 支出 | C96: 05.活動費④その他 | D96: 切手代・印刷代 | E96: 切手代・印刷代（関根） | G96: 2184
A97: 42092 | B97: 支出 | C97: 05.活動費④その他 | D97: 切手代・印刷代 | E97: 印刷代（河本） | G97: 1460
A98: 42092 | B98: 支出 | C98: 09.渉外費 | D98: ⑩サークル活動費 | E98: ばーむ句会 | G98: 2800
A99: 42092 | B99: 支出 | C99: 09.渉外費 | D99: ⑩サークル活動費 | E99: 麺'Sクラブ | G99: 5000
A100: 42087 | B100: 支出 | C100: 08.消耗品費 | D100: 消耗品 | E100: 文具（ノート、封筒） | G100: 216
A102: 41787 | B102: 収入 | C102: 04.その他収入①アルミ缶回収費 | D102: 集団回収報奨金(2013年10月〜2014年03月)* | E102: 集団回収報奨金(2013年10月〜2014年03月)* | F102: 3540
A103: 41793 | B103: 支出 | C103: 03.防犯協会加入分担金 | D103: 平成26年度葛西防犯協会特別賛助会費* | E103: 平成26年度葛西防犯協会特別賛助会費* | G103: 7630
A104: 41793 | B104: 支出 | C104: 10.銀行手数料 | D104: 振込手数料* | E104: 振込手数料* | G104: 270
A105: 41808 | B105: 収入 | C105: 02.区・文書等配布委託金 | D105: 刊行物配布委託料 | E105: 刊行物配布委託料* | F105: 130800
A106: 41808 | B106: 支出 | C106: 01.行政分担金 | D106: 自治連分担金 | E106: 葛西地区自治会連合会分担金* | G106: 11990
...

Sheet 収支表示（集計）
A1: 第１１期自治会収支報告
D3: データ
A4: 収支 | B4: 科目 | C4: 補助 | D4: 収入の部 | E4: 支出の部
A5: 収入 | B5: 01.コミュニティ費 | C5: 2013年12月～2014年5月* | D5: 250000
C6: 2014年06月～2014年11月* | D6: 250000
B7: 01.コミュニティ費 集計 | D7: 500000
B8: 02.区・文書等配布委託金 | C8: 刊行物配布委託料 | D8: 130800
B9: 02.区・文書等配布委託金 集計 | D9: 130800
B10: 03.行事収入 | C10: ①夏まつり(7/13) | D10: 42500
C11: ②いも煮会（10/13） | D11: 17900
B12: 03.行事収入 集計 | D12: 60400
B13: 04.その他収入①アルミ缶回収費 | C13: 集団回収報奨金(2013年10月〜2014年03月)* | D13: 3540
C14: 集団回収報奨金(2014年04月〜2014年09月)* | D14: 5280
C15: 平成26年04月 110kg×@50 | D15: 5500
C16: 平成26年05月 110kg×@50 | D16: 5500
C17: 平成26年06月 90kg×@50 | D17: 4500
C18: 平成26年07月 150kg×@50 | D18: 7500
C19: 平成26年08月 150kg×@50 | D19: 7500
C20: 平成26年09月 170kg×@50 | D20: 8500
C21: 平成26年10月 200kg×@50 | D21: 10000
C22: 平成26年11月 140kg×@50 | D22: 7000
C23: 平成26年12月 130kg×@50 | D23: 6500
C24: 平成27年1月 120kg×@50 | D24: 6000
C25: 平成27年2月 100kg×@50 | D25: 5000
B26: 04.その他収入①アルミ缶回収費 集計 | D26: 82320
B27: 04.その他収入②その他 | C27: ノートＰＣ分担金 | D27: 37692
C28: 銀行利息* | D28: 233
B29: 04.その他収入②その他 集計 | D29: 37925
B30: 05.寄付金 | C30: ①夏まつり（東京葬祭）（7/13） | D30: 30000
C31: ②防災訓練（東京葬祭寄付金） | D31: 30000
C32: ③区民運動会（東京葬祭寄付金） | D32: 30000
C33: ④いも煮会（東京葬祭寄付金） | D33: 30000
C34: ⑤新年会、餅つき（東京葬祭寄付金） | D34: 60000
B35: 05.寄付金 集計 | D35: 180000
A36: 支出 | B36: 01.行政分担金 | C36: 葛西まつり分担金 | E36: 6540
C37: 葛西防犯カメラの会分担金 | E37: 6540
C38: 自治連分担金 | E38: 11990
C39: 社会福祉協議会正会員会費 | E39: 2180
B40: 01.行政分担金 集計 | E40: 27250
B41: 02.自治連年会費 | C41: 宇喜田小島地区自治連協議会分担金 | E41: 23000
B42: 02.自治連年会費 集計 | E42: 23000
B43: 03.防犯協会加入分担金 | C43: 平成26年度葛西防犯協会特別賛助会費* | E43: 12630
B44: 03.防犯協会加入分担金 集計 | E44: 12630
B45: 05.活動費①行事支出 | C45: ①七夕(7/7) | E45: 15622
C46: ②夏まつり(7/13) | E46: 125053
C47: ③運動会(9/28) | E47: 89429
C48: ④いも煮会(10/13) | E48: 89791
C49: ⑤クリスマス飾り | E49: 42155
C50: ⑥正月飾り | E50: 45034
C51: ⑦新年顔合わせ会(1/11) | E51: 66309
C52: ⑧もちつき(2/8) | E52: 90000
C53: その他 | E53: 1048
B54: 05.活動費①行事支出 集計 | E54: 564441
B55: 05.活動費②自治会保険料 | C55: 日本興亜損保自治会活動保険保険料* | E55: 35100
B56: 05.活動費②自治会保険料 集計 | E56: 35100
B57: 05.活動費③募金支出 | C57: ①緑の募金 | E57: 1000
C58: ②赤十字社活動募金 | E58: 2000
C59: ③青い羽根募金 | E59: 1000
C60: ④歳末たすけあい募金 | E60: 3000
B61: 05.活動費③募金支出 集計 | E61: 7000
B62: 05.活動費④その他 | C62: 切手代・印刷代 | E62: 6524
B63: 05.活動費④その他 集計 | E63: 6524
B64: 06.印刷関係費 | C64: 2013年12月～2014年5月* | E64: 21620
C65: 2014年06月～2014年11月* | E65: 17070
B66: 06.印刷関係費 集計 | E66: 38690
B67: 07.備品費 | C67: 備品 | E67: 95235
B68: 07.備品費 集計 | E68: 95235
B69: 08.消耗品費 | C69: 消耗品 | E69: 3850
B70: 08.消耗品費 集計 | E70: 3850
B71: 09.渉外費 | C71: ①宇喜田・小島地区自治連懇親会（5/11） | E71: 18000
C72: ②わんわんウォーキング分担金（5/17） | E72: 5000
C73: ③自治会会議費懇親会費(5/25) | E73: 26836
C74: ④弔慰金（204近松様ご主人/8月9日逝去） | E74: 10000
C75: ⑤弔慰金（420早福様丸山幸江様/9月16日逝去） | E75: 10000
C76: ⑥区長さんと葛西地区女性団体のつどい | E76: 6000
C77: ⑦弔慰金（304畔高様ご主人/11月10日逝去） | E77: 10000
C78: ⑧自治会会議費懇親会費(12/28) | E78: 38688
C79: ⑨葛西地区新年顔合わせ会(1/6) | E79: 35000
C80: ⑩サークル活動費 | E80: 7800
B81: 09.渉外費 集計 | E81: 167324
B82: 10.銀行手数料 | C82: 振込手数料* | E82: 2700
B83: 10.銀行手数料 集計 | E83: 2700
A84: 総計 | D84: 991445 | E84: 983744

Sheet 今期決算書案
A1: 第１１期（平成２６年度）決算書案
A3: ２０１４年４月１日～２０１５年３月３１日
H4: (単位：円）
A5: 収 入 の 部 | E5: 支 出 の 部
A6: 科 目 | B6: 予算額 | C6: 実績額 | D6: 備 考 | E6: 科 目 | F6: 予算額 | G6: 実績額 | H6: 備 考
A7: コミュニティ費（旧自治会費） | B7: 500000 | C7: =GETPIVOTDATA("収入の部",'収支表示（集計）'!$A$3,"収支","収入","科目","01.コミュニティ費") -> 500000 | E7: 行政分担金 | F7: 27250 | G7: =GETPIVOTDATA("支出の部",'収支表示（集計）'!$A$3,"収支","支出","科目","01.行政分担金") -> 27250
A8: 区・文書等配布委託金 | B8: 130800 | C8: =GETPIVOTDATA("収入の部",'収支表示（集計）'!$A$3,"収支","収入","科目","02.区・文書等配布委託金") -> 130800 | E8: 自治連年会費 | F8: 23000 | G8: =GETPIVOTDATA("支出の部",'収支表示（集計）'!$A$3,"収支","支出","科目","02.自治連年会費") -> 23000
A9: 行事収入 | B9: 50000 | C9: =GETPIVOTDATA("収入の部",'収支表示（集計）'!$A$3,"収支","収入","科目","03.行事収入") -> 60400 | E9: 防犯協会加入分担金 | F9: 15000 | G9: =GETPIVOTDATA("支出の部",'収支表示（集計）'!$A$3,"収支","支出","科目","03.防犯協会加入分担金") -> 12630
A10: その他収入 | B10: 67000 | C10: =SUM(C11:C12) -> 120245 | E10: 活動費 | F10: 625100 | G10: =SUM(G11:G14) -> 613065
A11: ①アルミ缶回収費 | B11: 65000 | C11: =GETPIVOTDATA("収入の部",'収支表示（集計）'!$A$3,"収支","収入","科目","04.その他収入①アルミ缶回収費") -> 82320 | E11: ①行事支出 | F11: 575000 | G11: =GETPIVOTDATA("支出の部",'収支表示（集計）'!$A$3,"収支","支出","科目","05.活動費①行事支出") -> 564441
A12: ②その他 | B12: 2000 | C12: =GETPIVOTDATA("収入の部",'収支表示（集計）'!$A$3,"収支","収入","科目","04.その他収入②その他") -> 37925 | D12: 利息・他 | E12: ②自治会保険料 | F12: 35100 | G12: =GETPIVOTDATA("支出の部",'収支表示（集計）'!$A$3,"収支","支出","科目","05.活動費②自治会保険料") -> 35100
A13: 寄付金 | B13: 150000 | C13: =GETPIVOTDATA("収入の部",'収支表示（集計）'!$A$3,"収支","収入","科目","05.寄付金") -> 180000 | E13: ③募金支出 | F13: 5000 | G13: =GETPIVOTDATA("支出の部",'収支表示（集計）'!$A$3,"収支","支出","科目","05.活動費③募金支出") -> 7000
E14: ④その他 | F14: 10000 | G14: =GETPIVOTDATA("支出の部",'収支表示（集計）'!$A$3,"収支","支出","科目","05.活動費④その他") -> 6524
E15: 印刷関係費 | F15: 40000 | G15: =GETPIVOTDATA("支出の部",'収支表示（集計）'!$A$3,"収支","支出","科目","06.印刷関係費") -> 38690
E16: 備品費 | F16: 50000 | G16: =GETPIVOTDATA("支出の部",'収支表示（集計）'!$A$3,"収支","支出","科目","07.備品費") -> 95235
E17: 消耗品費 | F17: 10000 | G17: =GETPIVOTDATA("支出の部",'収支表示（集計）'!$A$3,"収支","支出","科目","08.消耗品費") -> 3850
E18: 渉外費 | F18: 150000 | G18: =GETPIVOTDATA("支出の部",'収支表示（集計）'!$A$3,"収支","支出","科目","09.渉外費") -> 167324
E19: 銀行手数料 | F19: 5000 | G19: =GETPIVOTDATA("支出の部",'収支表示（集計）'!$A$3,"収支","支出","科目","10.銀行手数料") -> 2700
E20: 予備費 | F20: 30000 | G20: 0
A21: 収入合計 | B21: 897800 | C21: =SUM(C7:C10)+C13 -> 991445 | E21: 支出合計 | F21: =SUM(F7:F10)+SUM(F15:F20) -> 975350 | G21: =SUM(G7:G10)+SUM(G15:G20) -> 983744
A22: 前期繰越金 | B22: 1554271 | C22: =B22 -> 1554271 | E22: 次期繰越金 | F22: 1476721 | G22: =G23-G21 -> 1561972
A23: 収入・繰越金合計 | B23: =SUM(B21:B22) -> 2452071 | C23: =SUM(C21:C22) -> 2545716 | E23: 支出・繰越金合計 | F23: =SUM(F21:F22) -> 2452071 | G23: =C23 -> 2545716
A25: ２０１５年 月 日
A27: 第１１期収支決算を上記の通り上程し、ご報告いたします。
D28: バームハイツ西葛西自治会
D29: 会 長 | E29: 関 根 弘 二
A30: =A25 -> ２０１５年 月 日
A32: 第１１期決算書を監査した結果、適正なることを認めます。
D33: 監 事 | E33: 星 野 武 夫

Sheet 次期予算案
A1: 第１２期（平成２７年度）予算案
A2: ２０１５年４月１日～２０１６年３月３１日 | H2: (単位：円）
A3: 収 入 の 部 | E3: 支 出 の 部
A4: 科 目 | B4: 前期実績 | C4: 予算額 | D4: 備 考 | E4: 科 目 | F4: 前期実績 | G4: 予算額 | H4: 備 考
A5: コミュニティ費（旧自治会費） | B5: =今期決算書案!C7 -> 500000 | C5: 500000 | D5: 注1 | E5: 行政分担金 | F5: =今期決算書案!G7 -> 27250 | G5: 27250
A6: 区・文書等配布委託金 | B6: =今期決算書案!C8 -> 130800 | C6: 130800 | E6: 自治連年会費 | F6: =今期決算書案!G8 -> 23000 | G6: 23000
A7: 行事収入 | B7: =今期決算書案!C9 -> 60400 | C7: 60000 | E7: 防犯協会加入分担金 | F7: =今期決算書案!G9 -> 12630 | G7: 15000
A8: その他収入 | B8: =今期決算書案!C10 -> 120245 | C8: =C9+C10 -> 85000 | E8: 活動費 | F8: =今期決算書案!G10 -> 613065 | G8: =SUM(G9:G12) -> 642100
A9: ①アルミ缶回収費 | B9: =今期決算書案!C11 -> 82320 | C9: 83000 | D9: 注2 | E9: ①行事支出 | F9: =今期決算書案!G11 -> 564441 | G9: ='【行事予算案（入力）】）'!J12 -> 590000 | H9: 注4
A10: ②その他 | B10: =今期決算書案!C12 -> 37925 | C10: 2000 | D10: 利息等 | E10: ②自治会保険料 | F10: =今期決算書案!G12 -> 35100 | G10: 35100
A11: 寄付金 | B11: =今期決算書案!C13 -> 180000 | C11: 150000 | D11: 注3 | E11: ③募金支出 | F11: =今期決算書案!G13 -> 7000 | G11: 7000
E12: ④その他 | F12: =今期決算書案!G14 -> 6524 | G12: 10000
E13: 印刷関係費 | F13: =今期決算書案!G15 -> 38690 | G13: 40000
E14: 備品費 | F14: =今期決算書案!G16 -> 95235 | G14: 150000 | H14: 注5
E15: 消耗品費 | F15: =今期決算書案!G17 -> 3850 | G15: 10000
E16: 渉外費 | F16: =今期決算書案!G18 -> 167324 | G16: 170000 | H16: 注6
E17: 銀行手数料 | F17: =今期決算書案!G19 -> 2700 | G17: 3000
E18: 予備費 | F18: =今期決算書案!G20 -> 0 | G18: 30000
A19: 収入合計 | B19: =今期決算書案!C21 -> 991445 | C19: =SUM(C5:C8)+C11 -> 925800 | E19: 支出合計 | F19: =今期決算書案!G21 -> 983744 | G19: =SUM(G5:G8)+SUM(G13:G18) -> 1110350
A20: 前期繰越金 | B20: =今期決算書案!C22 -> 1554271 | C20: =今期決算書案!G22 -> 1561972 | E20: 次期繰越金 | F20: =今期決算書案!G22 -> 1561972 | G20: =G21-G19 -> 1377422
A21: 収入・繰越金合計 | B21: =今期決算書案!C23 -> 2545716 | C21: =SUM(C19:C20) -> 2487772 | E21: 支出・繰越金合計 | F21: =今期決算書案!G23 -> 2545716 | G21: =C21 -> 2487772

Sheet 【行事予算案（入力）】）
J2: 今期予算 | L2: 前期実績 | N2: 前期予算
A3: 注1 | B3: コミュニティ費 | D3: 500000 | E3: 円 | G3: 注4 | H3: 行事支出 | I3: 七 夕 | J3: 15000 | K3: 円（ | L3: 15622 | M3: 円/ | N3: 15000 | O3: 円）
I4: 夏まつり | J4: 130000 | K4: 円（ | L4: 125053 | M4: 円/ | N4: 130000 | O4: 円）
A5: 注2 | B5: 回収費 | C5: @6,500×12か月＝ | D5: 78000 | E5: 円 | I5: 運動会 | J5: 90000 | K5: 円（ | L5: 89429 | M5: 円/ | N5: 70000 | O5: 円）
B6: 区の報奨金 | D6: 5000 | E6: 円 | I6: いも煮会 | J6: 90000 | K6: 円（ | L6: 89791 | M6: 円/ | N6: 70000 | O6: 円）
B7: 合計 | D7: =SUM(D5:D6) -> 83000 | E7: 円 | I7: クリスマス飾り | J7: 40000 | K7: 円（ | L7: 42155 | M7: 円/ | N7: 30000 | O7: 円）
I8: 正月飾り | J8: 45000 | K8: 円（ | L8: 45034 | M8: 円/ | N8: 45000 | O8: 円）
A9: 注3 | B9: 寄付金 | C9: @30,000×5回＝ | D9: 150000 | E9: 円 | I9: 新年会 | J9: 70000 | K9: 円（ | L9: 66309 | M9: 円/ | N9: 50000 | O9: 円）
I10: もちつき | J10: 100000 | K10: 円（ | L10: 90000 | M10: 円/ | N10: 150000 | O10: 円）
A11: 注5 | B11: テント | D11: 100000 | E11: 円 | I11: その他 | J11: 10000 | K11: 円（ | L11: 1048 | M11: 円/ | N11: 15000 | O11: 円）
B12: その他 | D12: 50000 | E12: 円 | I12: 合計 | J12: =SUM(J3:J11) -> 590000 | K12: 円（ | L12: =SUM(L3:L11) -> 564441 | M12: 円/ | N12: =SUM(N3:N11) -> 575000 | O12: 円）
B13: 合計 | D13: =SUM(D11:D12) -> 150000 | E13: 円
G14: 注6 | H14: 渉外費 | I14: 自治連会合費(総会・新年会他) | J14: 130000 | K14: 円
I15: 研修会・その他 | J15: 40000 | K15: 円
I16: 合計 | J16: =SUM(J14:J15) -> 170000 | K16: 円

Sheet 今期貸借対照表
A1: 第１１期（平成２６年度）貸借対照表（案）
A3: ２０１５年３月３１日現在
F4: (単位：円）
A5: 資 産 の 部 | D5: 負債及び繰越金の部
A6: 科 目 | C6: 金額 | D6: 科 目 | F6: 金額
A7: 現預金 | B7: 普通預金 | C7: 1459655 | D7: 未払金 | E7: 未払金 | F7: 0
B8: 現金 | C8: 102317 | D8: 前受金 | E8: 前受金 | F8: 0
B9: 小計 | C9: =SUM(C7:C8) -> 1561972 | D9: 預り金 | E9: 預り金・借受金 | F9: 0
D10: 振替金 | E10: 未振替金 | F10: 0
A11: 未収入金 | B11: 未収入金 | C11: 0
B12: 仮払金 | C12: 0
D16: 次期繰越金 | F16: =今期決算書案!G22 -> 1561972
A17: 合 計 | C17: =C9+C11+C12 -> 1561972 | D17: 合 計 | F17: =SUM(F7:F16) -> 1561972

Sheet 収支明細(2013年度参考)
A1: 収支明細 (2013.4.1～) | G1: 網掛け（*）・・・銀行口座への振込・引き落とし
A2: 領収書月日 | B2: 収支 | C2: 科目 | D2: 補助 | E2: 摘要 | F2: 収入 | G2: 支出
A3: 41369 | B3: 支出 | C3: 08.消耗品費 | D3: 消耗品 | E3: ホワイトボードマーカー | G3: 210
A4: 41370 | B4: 支出 | C4: 05.活動費①行事支出 | D4: その他 | E4: 春まつり 試食 | G4: 3734
A5: 41376 | B5: 支出 | C5: 05.活動費③募金支出 | D5: ①緑の募金 | E5: ①緑の募金 | G5: 1000
A6: 41396 | B6: 支出 | C6: 05.活動費③募金支出 | D6: ②赤十字社活動募金 | E6: ②赤十字社活動募金 | G6: 2000
A7: 41384 | B7: 支出 | C7: 05.活動費①行事支出 | D7: その他 | E7: 語り合う会 | G7: 2330
A8: 41388 | B8: 収入 | C8: 04.その他収入①アルミ缶回収費 | D8: 平成25年04月 100kg×@30 | E8: 平成25年04月 100kg×@30 | F8: 3000
A9: 41401 | B9: 支出 | C9: 09.渉外費 | D9: ②わんわんウォーキング分担金（5/25） | E9: わんわんウォーキング分担金 | G9: 5000
A10: 41406 | B10: 支出 | C10: 09.渉外費 | D10: ①宇喜田・小島地区自治連懇親会（5/12） | E10: ①宇喜田・小島地区自治連懇親会（4*3000） | G10: 12000
A11: 41419 | B11: 支出 | C11: 05.活動費①行事支出 | D11: その他 | E11: 総会お茶菓子 | G11: 795
A12: 41420 | B12: 支出 | C12: 09.渉外費 | D12: ③自治会会議費懇親会費(5/26) | E12: 自治会会議費懇親会費 | G12: 34878
A13: 41424 | B13: 収入 | C13: 04.その他収入①アルミ缶回収費 | D13: 平成25年05月 140kg×@30 | E13: 平成25年05月 140kg×@30 | F13: 4200
A14: 41449 | B14: 支出 | C14: 02.自治連年会費 | D14: 宇喜田小島地区自治連協議会分担金 | E14: 宇喜田小島地区自治連協議会分担金 | G14: 23000
A15: 41448 | B15: 支出 | C15: 05.活動費①行事支出 | D15: ①七夕(7/7) | E15: 七夕飾り（竹） | G15: 8000
A16: 41452 | B16: 支出 | C16: 05.活動費①行事支出 | D16: ①七夕(7/7) | E16: 七夕飾り（短冊） | G16: 390
A17: 41436 | B17: 支出 | C17: 05.活動費①行事支出 | D17: ①七夕(7/7) | E17: 七夕飾り（かざり） | G17: 4699
A18: 41462 | B18: 支出 | C18: 05.活動費③募金支出 | D18: ③青い羽根募金 | E18: ③青い羽根募金 | G18: 1000
A19: 41470 | B19: 支出 | C19: 05.活動費①行事支出 | D19: ②夏まつり(7/21) | E19: ＬＰガス（２ｋｇ） | G19: 840
A20: 41470 | B20: 支出 | C20: 05.活動費①行事支出 | D20: ②夏まつり(7/21) | E20: 景品（クオカード） | G20: 1980
A21: 41470 | B21: 支出 | C21: 05.活動費①行事支出 | D21: ②夏まつり(7/21) | E21: 景品 | G21: 420
A22: 41470 | B22: 支出 | C22: 05.活動費①行事支出 | D22: ②夏まつり(7/21) | E22: 備品 | G22: 1260
A23: 41470 | B23: 支出 | C23: 05.活動費①行事支出 | D23: ②夏まつり(7/21) | E23: 景品 | G23: 5681
A24: 41470 | B24: 支出 | C24: 05.活動費①行事支出 | D24: ②夏まつり(7/21) | E24: 食品他 | G24: 18921
A25: 41470 | B25: 収入 | C25: 03.行事収入 | D25: ①夏まつり(7/21) | E25: 会費 | F25: 21300
A26: 41470 | B26: 収入 | C26: 03.行事収入 | D26: ①夏まつり(7/21) | E26: 売上 | F26: 14700
A27: 41473 | B27: 支出 | C27: 05.活動費①行事支出 | D27: ②夏まつり(7/21) | E27: 食品 | G27: 1853
A28: 41473 | B28: 支出 | C28: 05.活動費①行事支出 | D28: ②夏まつり(7/21) | E28: 交通費（小野） | G28: 160
A29: 41473 | B29: 支出 | C29: 05.活動費①行事支出 | D29: ②夏まつり(7/21) | E29: 交通費（塩瀬） | G29: 160
A30: 41473 | B30: 支出 | C30: 05.活動費①行事支出 | D30: ②夏まつり(7/21) | E30: 交通費（加藤） | G30: 160
A31: 41473 | B31: 支出 | C31: 05.活動費①行事支出 | D31: ②夏まつり(7/21) | E31: 食品他 | G31: 33732
A32: 41473 | B32: 支出 | C32: 05.活動費①行事支出 | D32: ②夏まつり(7/21) | E32: ビール | G32: 44750
A33: 41470 | B33: 支出 | C33: 05.活動費①行事支出 | D33: ②夏まつり(7/21) | E33: 日本酒 | G33: 1869
A34: 41469 | B34: 支出 | C34: 05.活動費①行事支出 | D34: ②夏まつり(7/21) | E34: スイカ | G34: 3900
A35: 41474 | B35: 支出 | C35: 05.活動費①行事支出 | D35: ②夏まつり(7/21) | E35: コーヒー | G35: 640
A36: 41451 | B36: 収入 | C36: 04.その他収入①アルミ缶回収費 | D36: 平成25年06月 120kg×@30 | E36: 平成25年06月 120kg×@30 | F36: 3600
A37: 41486 | B37: 収入 | C37: 04.その他収入①アルミ缶回収費 | D37: 平成25年07月 130kg×@30 | E37: 平成25年07月 130kg×@30 | F37: 3900
A38: 41513 | B38: 支出 | C38: 05.活動費①行事支出 | D38: ③運動会(9/29) | E38: 運動会自治会分担金 | G38: 7800
A39: 41515 | B39: 収入 | C39: 04.その他収入①アルミ缶回収費 | D39: 平成25年08月 130kg×@30 | E39: 平成25年08月 130kg×@30 | F39: 3900
A40: 41533 | B40: 支出 | C40: 07.備品費 | D40: 備品 | E40: ジャグ | G40: 2452
A41: 41546 | B41: 支出 | C41: 05.活動費①行事支出 | D41: ③運動会(9/29) | E41: バナナ | G41: 1188
A42: 41546 | B42: 支出 | C42: 05.活動費①行事支出 | D42: ③運動会(9/29) | E42: 弁当（あわじ） | G42: 24616
A43: 41546 | B43: 支出 | C43: 05.活動費①行事支出 | D43: ③運動会(9/29) | E43: 反省会用ビール・つまみ | G43: 6760
A44: 41546 | B44: 支出 | C44: 05.活動費①行事支出 | D44: ③運動会(9/29) | E44: 飲み物菓子類 | G44: 6916
A45: 41546 | B45: 支出 | C45: 05.活動費①行事支出 | D45: ③運動会(9/29) | E45: 当日朝食など | G45: 3202
A46: 41546 | B46: 支出 | C46: 05.活動費①行事支出 | D46: ③運動会(9/29) | E46: DVD-RW（写真配布用） | G46: 1050
A47: 41546 | B47: 支出 | C47: 05.活動費①行事支出 | D47: ③運動会(9/29) | E47: レンタカー | G47: 12705
A48: 41546 | B48: 支出 | C48: 05.活動費①行事支出 | D48: ③運動会(9/29) | E48: ジュース | G48: 358
A49: 41572 | B49: 支出 | C49: 05.活動費①行事支出 | D49: ④いも煮会（10/27） | E49: ガス２ｋｇ | G49: 840
A50: 41559 | B50: 支出 | C50: 09.渉外費 | D50: ④弔慰金（214押山英子様/10月8日逝去） | E50: ④弔慰金（214押山英子様/10月8日逝去） | G50: 10000
A51: 41543 | B51: 収入 | C51: 04.その他収入①アルミ缶回収費 | D51: 平成25年09月 120kg×@30 | E51: 平成25年09月 120kg×@30 | F51: 3600
A52: 41574 | B52: 収入 | C52: 03.行事収入 | D52: ②いも煮会（10/27） | E52: 会費84名 13,900円 | F52: 13900
A53: 41574 | B53: 収入 | C53: 03.行事収入 | D53: ②いも煮会（10/27） | E53: 売上フランクフルト50円×63本 | F53: 3150
A54: 41574 | B54: 支出 | C54: 05.活動費①行事支出 | D54: ④いも煮会（10/27） | E54: コーヒー豆 | G54: 2924
A55: 41574 | B55: 支出 | C55: 05.活動費①行事支出 | D55: ④いも煮会（10/27） | E55: 食品他 | G55: 35863
A56: 41574 | B56: 支出 | C56: 05.活動費①行事支出 | D56: ④いも煮会（10/27） | E56: 酒 | G56: 2163
A57: 41574 | B57: 支出 | C57: 05.活動費①行事支出 | D57: ④いも煮会（10/27） | E57: 食品・酒 | G57: 14142
A58: 41574 | B58: 支出 | C58: 05.活動費①行事支出 | D58: ④いも煮会（10/27） | E58: 景品 | G58: 4355
A59: 41574 | B59: 支出 | C59: 07.備品費 | D59: 備品 | E59: のり、クリアファイル | G59: 210
A60: 41574 | B60: 支出 | C60: 05.活動費①行事支出 | D60: ④いも煮会（10/27） | E60: フランクフルト50円×100本 | G60: 5000
A61: 41574 | B61: 支出 | C61: 05.活動費①行事支出 | D61: ④いも煮会（10/27） | E61: 食材 | G61: 602
A62: 41597 | B62: 支出 | C62: 05.活動費①行事支出 | D62: ⑤健康講座(11/21) | E62: 菓子代 | G62: 1149
A63: 41601 | B63: 支出 | C63: 07.備品費 | D63: 備品 | E63: カセットボンベ | G63: 2086
A64: 41598 | B64: 支出 | C64: 05.活動費①行事支出 | D64: ⑤健康講座(11/21) | E64: 菓子代 | G64: 3880
A65: 41577 | B65: 収入 | C65: 04.その他収入①アルミ缶回収費 | D65: 平成25年10月 120kg×@50 | E65: 平成25年10月 120kg×@50 | F65: 6000
A66: 41600 | B66: 支出 | C66: 05.活動費①行事支出 | D66: ⑥クリスマス飾り | E66: ⑥クリスマス飾り | G66: 25274
A67: 41600 | B67: 支出 | C67: 05.活動費①行事支出 | D67: ⑥クリスマス飾り | E67: ⑥クリスマス飾り | G67: 871
A68: 41635 | B68: 支出 | C68: 05.活動費①行事支出 | D68: ⑦正月飾り | E68: 正月飾り | G68: 4905
A69: 41635 | B69: 支出 | C69: 05.活動費①行事支出 | D69: ⑦正月飾り | E69: 門松一式 | G69: 30000
A70: 41636 | B70: 支出 | C70: 09.渉外費 | D70: ⑤自治会会議費懇親会費(12/28) | E70: 自治会忘年会 13名 | G70: 30570
A71: 41624 | B71: 支出 | C71: 05.活動費①行事支出 | D71: ⑦正月飾り | E71: 鏡もち | G71: 6860
A72: 41644 | B72: 支出 | C72: 09.渉外費 | D72: ⑥葛西地区新年顔合わせ会(1/6) | E72: 葛西地区新年顔合わせ会 | G72: 35000
A73: 41605 | B73: 収入 | C73: 04.その他収入①アルミ缶回収費 | D73: 平成25年11月 90kg×@50 | E73: 平成25年11月 90kg×@50 | F73: 4500
A74: 2014/01/ | B74: 支出 | C74: 05.活動費①行事支出 | D74: ⑧新年会（1/19） | E74: ⑧新年会 | G74: 26776
A75: 41651 | B75: 支出 | C75: 05.活動費①行事支出 | D75: ⑧新年会（1/19） | E75: ⑧新年会 | G75: 4651
A76: 41638 | B76: 収入 | C76: 04.その他収入①アルミ缶回収費 | D76: 平成25年12月 120kg×@50 | E76: 平成25年12月 120kg×@50 | F76: 6000
A77: 41657 | B77: 支出 | C77: 05.活動費①行事支出 | D77: ⑧新年会（1/19） | E77: ⑧新年会 | G77: 840
A78: 41658 | B78: 支出 | C78: 05.活動費①行事支出 | D78: ⑧新年会（1/19） | E78: ⑧新年会（オードブル） | G78: 15750
A79: 41672 | B79: 収入 | C79: 04.その他収入②その他 | D79: ビール代金返金（15本×200円） | E79: ビール代金返金（15本×200円） | F79: 3000
A80: 41675 | B80: 収入 | C80: 04.その他収入②その他 | D80: 健康講座補助金（100円×11名） | E80: 健康講座補助金（100円×11名） | F80: 1100
A81: 41679 | B81: 支出 | C81: 05.活動費①行事支出 | D81: その他 | E81: 雪かき（飲物） | G81: 1278
A82: 41668 | B82: 収入 | C82: 04.その他収入①アルミ缶回収費 | D82: 平成26年1月 110kg×@50 | E82: 平成26年1月 110kg×@50 | F82: 5500
A83: 41717 | B83: 支出 | C83: 07.備品費 | D83: 備品 | E83: カセットコンロ、エプロン、フライパン | G83: 28496
A84: 41697 | B84: 収入 | C84: 04.その他収入①アルミ缶回収費 | D84: 平成26年2月 70kg×@50 | E84: 平成26年2月 70kg×@50 | F84: 3500
A85: 41729 | B85: 支出 | C85: 05.活動費④その他 | D85: 切手代・印刷代 | E85: 切手代・印刷代（関根） | G85: 1810
A86: 41715 | B86: 支出 | C86: 07.備品費 | D86: 備品 | E86: ルーター収納、机、タップ | G86: 12961
A87: 41717 | B87: 支出 | C87: 05.活動費①行事支出 | D87: その他 | E87: 交通費（小野） | G87: 320
A88: 41717 | B88: 支出 | C88: 05.活動費①行事支出 | D88: その他 | E88: 交通費（塩瀬） | G88: 320
A89: 41717 | B89: 支出 | C89: 05.活動費①行事支出 | D89: その他 | E89: 交通費（加藤） | G89: 320
A90: 41729 | B90: 支出 | C90: 09.渉外費 | D90: ⑦サークル活動費 | E90: ばーむ句会 | G90: 3200
A91: 41729 | B91: 支出 | C91: 09.渉外費 | D91: ⑦サークル活動費 | E91: 麺'Sクラブ | G91: 4150
A92: 41729 | B92: 支出 | C92: 05.活動費④その他 | D92: 切手代・印刷代 | E92: 切手代・印刷代（河本） | G92: 1200
A93: 41729 | B93: 収入 | C93: 04.その他収入①アルミ缶回収費 | D93: 平成26年3月 80kg×@50 | E93: 平成26年3月 80kg×@50 | F93: 4000
A95: 41410 | B95: 支出 | C95: 03.防犯協会加入分担金 | D95: 平成25年度葛西防犯協会特別賛助会費* | E95: 平成25年度葛西防犯協会特別賛助会費* | G95: 7630
A96: 41410 | B96: 支出 | C96: 10.銀行手数料 | D96: 振込手数料* | E96: 振込手数料* | G96: 262
A97: 41416 | B97: 収入 | C97: 04.その他収入①アルミ缶回収費 | D97: 集団回収報奨金(2012年10月〜2013年03月)* | E97: 集団回収報奨金(2012年10月〜2013年03月)* | F97: 3660
A98: 41444 | B98: 収入 | C98: 02.区・文書等配布委託金 | D98: 刊行物配布委託料 | E98: 刊行物配布委託料* | F98: 130800
A99: 41444 | B99: 支出 | C99: 01.行政分担金 | D99: 自治連分担金 | E99: 葛西地区自治会連合会分担金* | G99: 11990
A100: 41444 | B100: 支出 | C100: 01.行政分担金 | D100: 社会福祉協議会正会員会費 | E100: 社会福祉協議会正会員会費* | G100: 2180
A101: 41444 | B101: 支出 | C101: 01.行政分担金 | D101: 葛西まつり分担金 | E101: 葛西まつり分担金* | G101: 6540
...
